 Dungeon Crawl Stone Soup version 0.24-a0-809-g71cb82dfb8 (webtiles) character file.

Game seed: 10745026902509351319, levelgen mode: deterministic

147 HumanIsDead the Sneak (level 5, -1/39 HPs)
             Began as a Human Earth Elementalist on Oct 11, 2019.
             Slain by a quokka (2 damage)
             ... on level 2 of the Dungeon.
             The game lasted 00:07:10 (3265 turns).

HumanIsDead the Sneak (Human Earth Elementalist)    Turns: 3265, Time: 00:07:11

Health: -1/39      AC:  3    Str:  9    XL:     5   Next: 55%
Magic:  0/8        EV: 13    Int: 16    God:
Gold:   106        SH:  0    Dex: 13    Spells: 7/8 levels left

rFire    . . .     SeeInvis .   h - +0 dagger
rCold    . . .     Gourm    .   (no shield)
rNeg     . . .     Faith    .   b - +0 leather armour
rPois    .         Spirit   .   (no helmet)
rElec    .         Reflect  .   (no cloak)
rCorr    .         Harm     .   (no gloves)
MR       .....                  (no boots)
Stlth    ++........             (no amulet)
HPRegen  0.13/turn              (no ring)
MPRegen  0.11/turn              (no ring)

@: no status effects
A: no striking features
a: no special abilities


You were on level 2 of the Dungeon.
You were hungry.

You visited 1 branch of the dungeon, and saw 3 of its levels.

You collected 106 gold pieces.

Inventory:

Hand Weapons
 h - a +0 dagger (weapon)
Missiles
 t - 10 stones (quivered)
Armour
 b - a +0 leather armour (worn)
 c - a +0 robe
Jewellery
 l - an uncursed ring of see invisible {unknown}
Wands
 q - a wand of scattershot (7)
Scrolls
 e - 3 scrolls of remove curse {unknown}
 f - a scroll of enchant armour {unknown}
 i - a scroll of teleportation {unknown}
 j - a scroll of immolation {unknown}
 m - a scroll of identify {unknown}
 n - a scroll of random uselessness {unknown}
Potions
 a - 2 potions of agility {unknown}
 g - a potion of mutation {unknown}
 k - 2 potions of might {unknown}
 o - 2 potions of heal wounds {unknown}
 p - a potion of flight {unknown}
 r - a potion of brilliance {unknown}
Comestibles
 d - 5 rations
 s - 4 chunks of flesh


   Skills:
 + Level 2.5 Fighting
 + Level 3.4 Dodging
 + Level 3.7 Stealth
 - Level 2.0 Spellcasting
   Level 1.0 Transmutations
 - Level 3.0 Earth Magic


You had 7 spell levels left.
You knew the following spells:

 Your Spells              Type           Power        Failure   Level  Hunger
a - Sandblast             Erth           ##....       9%          1    #......

Your spell library contained the following spells:

 Spells                   Type           Power        Failure   Level  Hunger
 Passwall                 Tmut/Erth      #.......     19%         2    ###....
 Stone Arrow              Conj/Erth      #.....       43%         3    ###....
 Petrify                  Tmut/Erth      #.......     77%         4    #####..
 Lee's Rapid Deconstruct  Erth           ##........   93%         5    ######.


Dungeon Overview and Level Annotations

Branches:
Dungeon (3/15)

Altars:
Dithmenos
Hepliaklqana
Zin

Annotations:
D:3 1 transporter, Ijyb, Sigmund


Message History

Aim: a quokka The blast of sand hits the quokka.
The quokka is almost dead.
t - 10 stones The quokka barely misses you.
Casting: Sandblast (safe; 9% risk of failure)
Confirm with . or Enter, or press ? or * to list all spells.
You don't have enough magic to cast that spell.
You barely miss the quokka.
The quokka is almost dead.
The quokka barely misses you.
You hit the quokka but do no damage.
The quokka is almost dead.
The quokka bites you.
* * * LOW HITPOINT WARNING * * *
Unknown command.
You hit the quokka but do no damage.
The quokka is almost dead.
The quokka closely misses you. The quokka bites you.
You die...

#.....# ####### ###'###
#....# #.# #....# #.#
#....# #.# #....# #.#
#....# #.#
########....#
#.#######...........###
#....r@.'...........'.#
#########..[........#.#
#..[........#.#
#.......#####.#
#####.......# #.#
#...........# #.#
#.....####### #.#
#.....# #.# ####### #.#


You could see a quokka.

Vanquished Creatures
  A hound skeleton (D:2)
  3 adders
  4 worms
  6 dart slugs
  A leopard gecko (D:2)
  4 orcs (D:3)
  5 giant cockroaches
  7 goblins
  12 hobgoblins
  2 quokkas (D:2)
  2 ball pythons (D:1)
  5 bats
  7 frilled lizards
  7 kobolds
  11 rats
77 creatures vanquished.

Notes
Turn   | Place    | Note
-------+----------+-------------------------------------------
     0 | D:1      | HumanIsDead the Human Earth Elementalist began the quest
                  | for the Orb.
     0 | D:1      | Reached XP level 1. HP: 13/13 MP: 3/3
   296 | D:1      | Reached XP level 2. HP: 19/20 MP: 0/5
   401 | D:1      | Reached skill level 1 in Fighting
   547 | D:1      | Reached XP level 3. HP: 26/26 MP: 1/6
  1565 | D:2      | Reached XP level 4. HP: 27/32 MP: 4/7
  1753 | D:2      | Found a shadowy altar of Dithmenos.
  1887 | D:2      | Found a glowing silver altar of Zin.
  2001 | D:2      | Reached XP level 5. HP: 38/38 MP: 4/8
  3041 | D:3      | Found a hazy altar of Hepliaklqana.
  3042 | D:3      | Noticed an ice beast
  3047 | D:3      | Found a transporter.
  3238 | D:3      | Noticed Sigmund
  3251 | D:3      | Noticed Ijyb
  3264 | D:2      | HP: 1/39 [quokka (3)]
  3265 | D:2      | Slain by a quokka

Levels and vault maps discovered:
D:1:      dpeg_chamrin_arrival_tetris, layout_basic
D:2:      layout_basic, grunt_dithmenos_smoke_and_mirrors, lemuel_round_altar
D:3:      layout_loops_ring, gammafunk_temple_overflow_arena,
          nicolae_overflow_hidden_temple, dk_noncrumbling_2, uniq_ijyb,
          uniq_sigmund

Skill      XL: |  1  2  3  4 |
---------------+-------------+-----
Fighting       | 1 2 |  2.5
Stealth        | 3 |  3.7
Dodging        | 3 |  3.4
Spellcasting   | |  2.0
Transmutations | |  1.0
Earth Magic    | |  3.0

Action                   |  1- 3 |  4- 6 || total
-------------------------+-------+-------++-------
Melee: Unarmed           |    19 |       ||    19
       Dagger            |     4 |    79 ||    83
 Cast: Sandblast         |    43 |    79 ||   122
 Stab: Sleeping          |     1 |     1 ||     2
       Distracted        |       |     1 ||     1
  Eat: Chunk             |     1 |     8 ||     9
Armor: Robe              |     2 |    11 ||    13
       Leather armour    |       |     3 ||     3
Dodge: Dodged            |    30 |    94 ||   124

Table legend:
 A = Non-vault XP
 B = Vault XP
 C = Vault XP percentage of total XP
 D = Non-vault monster count
 E = Vault monster count
 F = Vault count percentage of total count
                 A         B        C        D         E       F
            +---------+---------+-------+---------+---------+-------
      Total |     211 |       0 |   0.0 |      77 |       0 |   0.0
            +---------+---------+-------+---------+---------+-------
        D:1 |      50 |       0 |   0.0 |      27 |       0 |   0.0
        D:2 |     115 |       0 |   0.0 |      34 |       0 |   0.0
        D:3 |      46 |       0 |   0.0 |      16 |       0 |   0.0
            +---------+---------+-------+---------+---------+-------
